 Dungeon Crawl Stone Soup version 0.14-a0-2632-gd2f732a (webtiles) character file.

578 4tharraofdagon the Chopper (level 6, -4/52 HPs)
             Began as a Minotaur Gladiator on Feb 15, 2014.
             Killed from afar by an orc (6 damage)
             ... with a wand of flame
             ... on Level 7 of the Dungeon.
             The game lasted 00:07:35 (1146 turns).

4tharraofdagon the Chopper (Minotaur Gladiator)     Turns: 1146, Time: 00:07:35

HP  -4/52        AC 12     Str 21      XL: 6   Next: 89%
MP   5/5         EV  9     Int 10      God:
Gold 91          SH  0     Dex  9 (11) Spells:  0 memorised,  5 levels left

rFire  . . .     SeeInvis +     a - +0 hand axe
rCold  . . .     Clarity  .     e - +0 scale mail
rNeg   . . .     Conserve .     (no shield)
rPois  .         rCorr    .     c - +0 hat
rElec  .         rRot     .     (no cloak)
SustAb . .       Spirit   .     (no gloves)
rMut   .         Warding  .     (no boots)
Saprov . . .     Stasis   .     (no amulet)
MR     .....                    t - +6 ring of protection
                                s - ring of see invisible {unknown}

@: brilliant, very poisoned, slowed, very slow, not resistant to hostile
enchantments, extremely unstealthy
A: retaliatory headbutt, horns 2
a: no special abilities


You were on level 7 of the Dungeon.
You were hungry.

You visited 1 branch of the dungeon, and saw 7 of its levels.

You collected 181 gold pieces.
You spent 90 gold pieces at shops.

Inventory:

Hand weapons
 a - a +0,+0 hand axe (weapon)
 u - a +0 blowgun
Missiles
 d - a throwing net (quivered)
 v - 14 poisoned needles
 w - 4 javelins
 x - 21 darts of frost
 y - a throwing net [frayed]
Armour
 b - a +0 leather armour
 c - a +0 hat (worn)
 e - a +0 scale mail (worn)
Magical devices
 i - a wand of heal wounds (0)
Comestibles
 f - 5 bread rations
 g - a pear
 h - 2 apples
 j - a choko
 r - a lychee
Scrolls
 k - a scroll of remove curse {unknown}
 l - 2 scrolls of enchant armour {unknown}
 m - 4 scrolls of identify
 n - a scroll of enchant weapon II {unknown}
 o - 2 scrolls of fear {unknown}
 p - a scroll of amnesia {unknown}
 q - 2 scrolls of recharging {unknown}
 z - a scroll of fog {unknown}
 C - a scroll of enchant weapon I {unknown}
 D - 3 scrolls of blinking {unknown}
Jewellery
 s - a ring of see invisible (left hand) {unknown}
 t - a +6 ring of protection (right hand)
Books
 B - a Necronomicon {highlevel}

   This book is beyond your current level of understanding.

   Spells                             Type                      Level
   Haunt                              Necromancy/Summoning         7
   Borgnjor's Revivification          Necromancy                   8
   Death's Door                       Charms/Necromancy            8
   Necromutation                      Transmutation/Necromancy     8


   Skills:
 + Level 4.2 Fighting
 * Level 6.5 Axes
 - Level 2.0 Throwing
 + Level 2.8 Armour
 + Level 4.6 Dodging
 + Level 2.4 Evocations


You had 5 spell levels left.
You didn't know any spells.

Dungeon Overview and Level Annotations

Branches:
Dungeon (7/16)
 Temple: D:4-7

Altars:

Shops:
D:7 ?

Annotations:
D:5 Eustachio


Innate Abilities, Weirdness & Mutations

You reflexively headbutt those who attack you in melee.
You have a pair of horns on your head.


Message History

Unknown command.
You feel sick.
The orc wizard yells repeatedly, as Orcs often do.
The orc wizard hits you with an orcish dagger.
* * * LOW HITPOINT WARNING * * *
The orc zaps a wand.
The puff of flame hits you!
* * * LOW HITPOINT WARNING * * *
The orc wizard casts a spell at you. The magic dart hits you!
Unknown command.
Unknown command.
Evoke which item? (* to show all) (? for menu, Esc to quit)
Zapping:
i - a wand of heal wounds {zapped: 4}
Press: ? - help, Shift-Dir - straight line, f - you Nothing appears to happen.
* * * LOW HITPOINT WARNING * * *
You feel very sick.
You feel a little better.
The orc zaps a wand.
The puff of flame hits you!
You die...

#.. #.# # ##########
##.##.#
..........###.....#
#...............########
#..........##.....o.....
#.......(%$##..########.
#.<....)o).##..# #.
#......@o...#5.. #.
#.......(...#.... #.
#............o.... #.
#...........#...... #.
#...........#....... ..
..........##...... .#.
##...##### ... .... ####
.. .. . ..


You could see an orc priest, an orc wizard and an orc.

Vanquished Creatures
  An ice beast (D:5)
  A phantom (D:7)
  A centaur (D:5)
  A quasit (D:7)
  An orc wizard (D:5)
  2 worker ants
  An iguana (D:5)
  3 gnolls (D:4)
  3 giant mites
  A giant gecko (D:1)
  5 orcs
  2 giant cockroaches (D:1)
  7 hobgoblins
  5 jackals
  A ball python (D:3)
  A bat (D:1)
  A giant gecko zombie (D:5)
  3 giant newts
  A giant newt skeleton (D:4)
  A gnoll skeleton (D:5)
  10 goblins
  10 kobolds
  6 rats
  A rat skeleton (D:5)
69 creatures vanquished.

Notes
Turn   | Place    | Note
--------------------------------------------------------------
     0 | D:1      | 4tharraofdagon, the Minotaur Gladiator, began the quest for the Orb.
     0 | D:1      | Reached XP level 1. HP: 18/18 MP: 1/1
    96 | D:2      | Reached skill level 4 in Axes
    96 | D:2      | Reached XP level 2. HP: 20/25 MP: 1/1
   109 | D:2      | Reached skill level 1 in Armour
   286 | D:2      | Reached XP level 3. HP: 20/30 MP: 2/2
   630 | D:4      | Reached skill level 1 in Evocations
   630 | D:4      | Reached XP level 4. HP: 20/37 MP: 2/2
   656 | D:3      | Reached skill level 5 in Axes
   712 | D:5      | Entered Level 5 of the Dungeon
   712 | D:5      | Noticed an ice beast
   729 | D:5      | Killed an ice beast
   729 | D:5      | Reached XP level 5. HP: 24/45 MP: 2/3
   776 | D:5      | Noticed an ice beast
   778 | D:6      | Noticed an ice beast
   917 | D:5      | Noticed a centaur
   922 | D:5      | Killed a centaur
   922 | D:5      | Reached skill level 6 in Axes
   922 | D:5      | Reached XP level 6. HP: 33/52 MP: 4/4
  1062 | D:5      | Noticed Eustachio
  1070 | D:6      | Noticed an orc warrior
  1117 | D:7      | Found Ysamituso's Magic Scroll Shop.
  1124 | D:7      | Bought a scroll of identify for 30 gold pieces
  1124 | D:7      | Bought a scroll of identify for 30 gold pieces
  1124 | D:7      | Bought a scroll of identify for 30 gold pieces
  1146 | D:7      | HP: 2/52 [poisoned by an orc priest]
  1146 | D:7      | Killed from afar by an orc

Action                   |  1- 3 |  4- 6 || total
-------------------------+-------+-------++-------
Melee: Hand axe          |    85 |    95 ||   180
Throw: Throwing net      |       |     6 ||     6
       Javelin           |       |     1 ||     1
Evoke: Wand              |     1 |     3 ||     4
  Use: Potion            |     1 |     3 ||     4
       Scroll            |     1 |       ||     1
 Stab: Held in net/web   |       |     2 ||     2
